[Event "*** Titled Tuesday Blitz"]
[Site "Chess.com"]
[Date "2021.02.16"]
[Round "11"]
[White "kingofthenil"]
[Black "12teen"]
[Result "0-1"]
[WhiteElo "2712"]
[BlackElo "2889"]
[TimeControl "180+1"]
[EndTime "12:07:41 PST"]
[Termination "12teen won on time"]

1. e4 e6 2. d4 b6 3. Nf3 Bb7 4. Bd3 Nf6 5. Qe2 d5 6. e5 Nfd7 7. c3 Be7 8. Nbd2 c5 9. Nf1 Nc6 10. a3 Qc7 11. Ng3 a6 12. b4 cxd4 13. cxd4 Nxd4 14.
Nxd4 Qc3+ 15. Kd1 Qxa1 16. Qe3 Rc8 17. Nge2 O-O 18. f4 Rc7 19. Qd2 Rfc8 20. Nb3 Rxc1+ 0-1

[Event "*** Titled Tuesday Blitz"]
[Site "Chess.com"]
[Date "2021.02.16"]
[Round "11"]
[White "szachuspl"]
[Black "Dii210"]
[Result "1-0"]
[WhiteElo "2477"]
[BlackElo "2371"]
[TimeControl "180+1"]
[EndTime "12:07:45 PST"]
[Termination "szachuspl won by resignation"]

1. d4 Nf6 2. c4 e6 3. Nf3 b6 4. g3 Ba6 5. b3 Bb4+ 6. Bd2 Be7 7. Bg2 d5 8. O-O O-O 9. Nc3 c6 10. Ne5 Nfd7 11. Nxd7 Nxd7 12. cxd5 cxd5 13. Re1 Rc8 14.
a3 Nf6 15. b4 Qd7 16. Rc1 Rc7 17. Qb3 Rfc8 18. b5 Bb7 19. Bf4 Bd6 20. Bxd6 Qxd6 21.
e3 Ne4 22. Bxe4 dxe4 23. Ne2 Bd5 24. Qb2 Bc4 25. Nc3 Bd3 26. Na2 Qd5 27. Nb4 Qxb5 28. Rxc7 Rxc7 29. Rc1 Rxc1+ 30. Qxc1 Qc4 31. Nxd3 Qxc1+ 32. Nxc1 Kf8 33. f3 Ke7 34. fxe4 Kd6 35. Kf2 Kc6 36.
Ke2 Kb5 37. Kd3 Ka4 38. Kc3 a5 39. Nb3 Kxa3 40. Nxa5 bxa5 41. d5 Ka4 42. d6 1-0

[Event "*** Titled Tuesday Blitz"]
[Site "Chess.com"]
[Date "2021.02.16"]
[Round "11"]
[White "DarZay"]
[Black "Ze-Pequeno"]
[Result "1-0"]
[WhiteElo "2182"]
[BlackElo "2268"]
[TimeControl "180+1"]
[EndTime "12:07:57 PST"]
[Termination "DarZay won by checkmate"]

1. e4 c5 2. Nf3 d6 3. d4 cxd4 4. Nxd4 Nf6 5. Nc3 a6 6. f3 e6 7. Be3 b5 8. Qd2 h5 9. O-O-O Bb7 10. Kb1 Nbd7 11. h4 Nb6 12. Qf2 Nfd7 13. f4 b4 14. Nce2 Bxe4 15. Ng3 Bb7 16. Bd3 g6 17. Nxe6 fxe6 18.
Bxg6+ Ke7 19. Bd4 Rg8 20. Nf5+ exf5 21. Rhe1+ Be4 22. Bxf5 d5 23. Bxe4 dxe4 24. Rxe4+ Kf7 25. Bxb6 Qxb6 26. Rxd7+ Kf6 27. Qxb6+ Kf5 28. Qe6# 1-0

[Event "*** Titled Tuesday Blitz"]
[Site "Chess.com"]
[Date "2021.02.16"]
[Round "11"]
[White "ChronicUnhappiness"]
[Black "AlexNovitz"]
[Result "1-0"]
[WhiteElo "2307"]
[BlackElo "2198"]
[TimeControl "180+1"]
[EndTime "12:08:03 PST"]
[Termination "ChronicUnhappiness won by resignation"]

1. d4 Nf6 2. c4 e6 3. Nc3 Bb4 4. Nf3 O-O 5. e3 d5 6. cxd5 exd5 7. Bd3 c6 8. O-O Re8 9. Ne5 Nbd7 10. f4 c5 11. a3 cxd4 12. exd4 Ba5 13. Qf3 Bb6 14.
Be3 Nf8 15. Rad1 Ne6 16. Bb1 a6 17. f5 Nxd4 18. Bxd4 Bxd4+ 19. Rxd4 Rxe5 20. g4 Qb6 21. Qf2 h6 22. Rfd1 Ne4 23. Bxe4 Bd7 24. Bxd5 Rae8 25.
Bxf7+ Kxf7 26. Rxd7+ Kg8 27. Qxb6 1-0

[Event "*** Titled Tuesday Blitz"]
[Site "Chess.com"]
[Date "2021.02.16"]
[Round "11"]
[White "monalize"]
[Black "esapunov"]
[Result "0-1"]
[WhiteElo "2411"]
[BlackElo "2674"]
[TimeControl "180+1"]
[EndTime "12:08:04 PST"]
[Termination "esapunov won by resignation"]

1. e4 c5 2. Nf3 Nc6 3. d4 cxd4 4. Nxd4 Nf6 5. Nc3 d6 6. Bg5 e6 7. Qd2 a6 8. O-O-O h6 9. Be3 Nxd4 10. Bxd4 b5 11. f3 Qa5 12. Kb1 b4 13. Ne2 e5 14.
Be3 Be6 15. Nc1 d5 16. Nb3 Qc7 17. exd5 Nxd5 18. Bf2 Be7 19. Bd3 O-O 20. Rhe1 Rfd8 21. Bg3 Nf4 22. Bxf4 exf4 23. Qe2 a5 24. Qe4 g6 25.
Nd4 Rxd4 26. Qxd4 Rd8 27. Qe5 Bd6 28. Qf6 Be7 29. Qe5 Bd6 30. Qe2 Kg7 31. Qe4 Kg8 32. h4 h5 33. Qe2 Kg7 34. Qe5+ Bxe5 0-1

[Event "*** Titled Tuesday Blitz"]
[Site "Chess.com"]
[Date "2021.02.16"]
[Round "11"]
[White "anon481216"]
[Black "DamianoLew95"]
[Result "0-1"]
[WhiteElo "2469"]
[BlackElo "2615"]
[TimeControl "180+1"]
[EndTime "12:08:13 PST"]
[Termination "DamianoLew95 won by resignation"]

1. d4 d5 2. c4 c6 3. Nf3 Nf6 4. Nc3 e6 5. Bg5 Nbd7 6. cxd5 exd5 7. e3 Bb4 8. Bd3 Qa5 9. O-O Bxc3 10. bxc3 Qxc3 11.
e4 dxe4 12. Re1 O-O 13. Bxe4 Nxe4 14. Rxe4 f6 15. Bf4 Nb6 16. Rc1 Qa3 17. Re3 Qxa2 18.
Bd6 Rd8 19. Ra3 Qf7 20. Bc5 Bg4 21. Rxa7 Rxa7 22. Bxb6 Raa8 23. Bxd8 Rxd8 24. Rb1 Bxf3 25. Qxf3 Rxd4 26. Qa3 Rd8 27. Qa5 Qd5 28. Qb6 Qd1+ 0-1

[Event "*** Titled Tuesday Blitz"]
[Site "Chess.com"]
[Date "2021.02.16"]
[Round "11"]
[White "Nemsko"]
[Black "Leo_C"]
[Result "0-1"]
[WhiteElo "2329"]
[BlackElo "2425"]
[TimeControl "180+1"]
[EndTime "12:08:14 PST"]
[Termination "Leo_C won by resignation"]

1. e4 c6 2. d4 d5 3. e5 c5 4. dxc5 e6 5. Be3 Nh6 6. c3 Nf5 7. Bd4 Bd7 8. Nf3 Nc6 9. Bd3 Nfxd4 10. cxd4 b6 11. b4 Nxb4 12. cxb6 Qxb6 13. Be2 Rc8 14. O-O Nc2 15. Nbd2 Nxa1 16. Qxa1 Be7 17. Nb3 O-O 18.
Bd3 Bb5 19. Qd1 Bxd3 20. Qxd3 a5 21. Rb1 Qa7 22. h4 a4 23. Nbd2 Rb8 24. Rc1 Rfc8 25. Rxc8+ Rxc8 26. Qb5 h6 27. Kh2 Qa8 28. Qd7 Bf8 29. Nf1 Qc6 30. Qa7 Ra8 0-1

[Event "*** Titled Tuesday Blitz"]
[Site "Chess.com"]
[Date "2021.02.16"]
[Round "11"]
[White "federicosellitti"]
[Black "AlexPapasimakopoulos"]
[Result "1-0"]
[WhiteElo "2480"]
[BlackElo "2594"]
[TimeControl "180+1"]
[EndTime "12:08:18 PST"]
[Termination "federicosellitti won by resignation"]

1. e4 e6 2. b3 d5 3. Bb2 Nf6 4. exd5 Nfd7 5. dxe6 fxe6 6. Qh5+ g6 7. Qh3 Nf6 8. Nf3 Bg7 9. Bc4 Qe7 10. O-O Nc6 11. Re1 e5 12. Qh4 Ng4 13. Qxe7+ Kxe7 14. h3 Nh6 15. Nxe5 Nxe5 16. Bxe5 Bxe5 17. Rxe5+ Kf6 18. f4 Bf5 19. Nc3 c6 20. g4 Bxg4 21.
hxg4 Nxg4 22. Re6+ Kf5 23. Rae1 Kxf4 24. R1e4+ Kg5 25.
Be2 Nh6 26. R4e5+ Nf5 27. Bd3 Raf8 28. Bxf5 Rxf5 29. Rxf5+ Kxf5 30. Re7 b5 31. Rxa7 h5 32. Rf7+ Kg4 33. Rf2 Re8 34. Re2 Rd8 35. d3 g5 36.
Rg2+ Kf5 37. Rf2+ Kg4 38. Ne4 Ra8 39. c4 b4 40. Rg2+ Kf4 41. Nxg5 Rxa2 42. Rxa2 1-0

[Event "*** Titled Tuesday Blitz"]
[Site "Chess.com"]
[Date "2021.02.16"]
[Round "11"]
[White "MatyChess1"]
[Black "jens1102"]
[Result "1-0"]
[WhiteElo "2593"]
[BlackElo "2424"]
[TimeControl "180+1"]
[EndTime "12:08:23 PST"]
[Termination "MatyChess1 won by resignation"]

1. e4 c5 2. Nf3 d6 3. d4 cxd4 4. Nxd4 Nf6 5. Nc3 a6 6. g3 e5 7. Nb3 Nc6 8. Bg2 Be6 9. O-O Be7 10. Nd5 O-O 11. c4 Rc8 12. h3 Re8 13. Be3 Nd4 14. Nxd4 exd4 15. Qxd4 Nd7 16. Nxe7+ Qxe7 17. b3 Nc5 18. Rad1 Red8 19. Bf4 Rc6 20. e5 Rcc8 21. exd6 Qd7 22. b4 Na4 23. Rc1 Bxh3 24. Rfd1 Bxg2 25. Kxg2 Qc6+ 26. Qd5 Nb6 27. Qxc6 Rxc6 28. c5 Nd7 29. a4 f6 30. Be3 Ne5 31. b5 axb5 32. axb5 Rcc8 33.
f4 Ng4 34. Bg1 f5 35. c6 bxc6 36. bxc6 Ra8 37. c7 Ra2+ 38. Kh3 Re8 39. c8=Q Rxc8 40. Rxc8+ Kf7 41. d7 g5 42. fxg5 1-0

[Event "*** Titled Tuesday Blitz"]
[Site "Chess.com"]
[Date "2021.02.16"]
[Round "11"]
[White "francyIM"]
[Black "maxip32"]
[Result "1-0"]
[WhiteElo "2682"]
[BlackElo "2531"]
[TimeControl "180+1"]
[EndTime "12:08:33 PST"]
[Termination "francyIM won on time"]

1. e4 c5 2. Nf3 d6 3. d4 cxd4 4. Nxd4 Nf6 5. Nc3 a6 6. Bc4 e6 7.
Bb3 b5 8. Be3 Be7 9. Qe2 O-O 10.
f3 Qc7 11. g4 Nc6 12. g5 Nxd4 13. Bxd4 Nh5 14. Qd2 Bb7 15. O-O-O b4 16. Na4 a5 17.
Kb1 Bc6 18. Rc1 Rfb8 19. c4 Bd8 20. h4 Qd7 21. Qd1 Kh8 22. Rh2 f5 23. gxf6 Nxf6 24.
Rd2 Nh5 25. Be5 Rc8 26. Rxd6 Qe8 27. c5 Bc7 28. Rxe6 Qd7 29. Bxc7 1-0

[Event "*** Titled Tuesday Blitz"]
[Site "Chess.com"]
[Date "2021.02.16"]
[Round "11"]
[White "Lady_Nika"]
[Black "HanSchut"]
[Result "1/2-1/2"]
[WhiteElo "2359"]
[BlackElo "2229"]
[TimeControl "180+1"]
[EndTime "12:08:44 PST"]
[Termination "Game drawn by repetition"]

1. d4 Nf6 2. e3 g6 3. f4 Bg7 4. Nf3 O-O 5. c3 b6 6. Bd3 Bb7 7. O-O d6 8. Nbd2 Nbd7 9. e4 e5 10. fxe5 dxe5 11. d5 Nc5 12. Qe2 a5 13. c4 Nfd7 14.
Nb3 f5 15. Ng5 fxe4 16. Bxe4 Rxf1+ 17. Qxf1 Qe7 18. Qe2 a4 19. Nxc5 Nxc5 20. Bd2 Rf8 21. Rf1 Rxf1+ 22. Qxf1 Bh6 23. h4 Ba6 24. Qe2 Nxe4 25.
Qxe4 Bxg5 26. Bxg5 Qc5+ 27. Kh2 Bxc4 28. Qxe5 Qd6 29. Bf4 Qxe5 30. Bxe5 Bxd5 31. Bxc7 Bxa2 32. Bxb6 Bb3 33. Kg3 Kf7 34. Kf4 h5 35. Kg5 Bc2 36. Bd4 Bb3 37. g4 hxg4 38. Kxg4 Bc2 39. Kf4 Bb3 40. Ke5 Bc2 41. Be3 Bb3 42. Kd4 Bd1 43. Kc3 Bb3 44. Kd2 Ke6 45. Kc3 Kf5 46.
Bg5 Ke6 47. Kb4 Kf5 48. Kc5 Ke6 49. Kd4 Kf5 50. Ke3 Ke6 51. Ke4 Bc2+ 52. Kd4 Bd1 53. Kc3 Bb3 54. Kb4 Kf5 55. Kc3 Ke6 1/2-1/2

[Event "*** Titled Tuesday Blitz"]
[Site "Chess.com"]
[Date "2021.02.16"]
[Round "11"]
[White "Aya5ian"]
[Black "onetowin"]
[Result "1-0"]
[WhiteElo "2246"]
[BlackElo "2011"]
[TimeControl "180+1"]
[EndTime "12:08:46 PST"]
[Termination "Aya5ian won by resignation"]

1. Nf3 b6 2. d4 Bb7 3. c4 e6 4.
e3 Nf6 5. Nc3 c5 6. d5 exd5 7.
cxd5 d6 8. e4 Nbd7 9. Bg5 Be7 10. Bb5 a6 11. Bc6 Qc7 12. Bxb7 Qxb7 13. O-O O-O 14.
Re1 h6 15. Bf4 g5 16. Bg3 Nh5 17. Rc1 Nxg3 18. hxg3 Bf6 19. Qd2 Ne5 20. Nxe5 Bxe5 21. f4 Bd4+ 22. Kf1 Qe7 23. Ke2 Bxc3 24. Rxc3 Qxe4+ 25. Re3 Qxg2+ 26. Kd3 Qf2 27. Qxf2 1-0

[Event "*** Titled Tuesday Blitz"]
[Site "Chess.com"]
[Date "2021.02.16"]
[Round "11"]
[White "elohunter1999"]
[Black "Ave_Mariia"]
[Result "1-0"]
[WhiteElo "2630"]
[BlackElo "2494"]
[TimeControl "180+1"]
[EndTime "12:08:47 PST"]
[Termination "elohunter1999 won by resignation"]

1. d4 Nf6 2. c4 e6 3. Nc3 Bb4 4.
Qc2 O-O 5. a3 Bxc3+ 6. Qxc3 d6 7. Bg5 h6 8. Bh4 Nbd7 9. e3 e5 10. Bd3 e4 11. Bc2 c6 12. Ne2 d5 13. O-O g5 14. Bg3 Nb6 15. b3 Bg4 16. f3 exf3 17. gxf3 Bh3 18. Rf2 Nh5 19. c5 Nd7 20. Bd6 Re8 21.
e4 Nf8 22. e5 Ne6 23. f4 Bg4 24. f5 Nef4 25. Nxf4 Nxf4 26. f6 Qd7 27. Rxf4 gxf4 28. Qd3 Bf5 29. Qxf5 Qxf5 30. Bxf5 Kh8 31. Kf2 Rg8 32. Rg1 Rxg1 33. Kxg1 Rg8+ 34. Kf2 Rg5 35. e6 fxe6 36. f7 Rxf5 37. f8=Q+ Rxf8 38. Bxf8 Kh7 39. Kf3 Kg6 40. Kxf4 1-0

[Event "*** Titled Tuesday Blitz"]
[Site "Chess.com"]
[Date "2021.02.16"]
[Round "11"]
[White "Oglob71"]
[Black "bait_or_mate"]
[Result "1-0"]
[WhiteElo "2445"]
[BlackElo "2536"]
[TimeControl "180+1"]
[EndTime "12:08:49 PST"]
[Termination "Oglob71 won by resignation"]

1. d4 Nf6 2. Nf3 d5 3. c4 e6 4.
Qc2 a6 5. Bg5 dxc4 6. Qxc4 b5 7.
Qc2 Bb7 8. Nbd2 Nbd7 9. a4 c5 10.
e3 Qb6 11. axb5 axb5 12. Rxa8+ Bxa8 13. dxc5 Bxc5 14. Qb3 b4 15. Bc4 O-O 16. O-O h6 17. Bf4 Rc8 18. Ra1 Bb7 19. h3 Be7 20. Be2 Nc5 21.
Qd1 Bd5 22. Nc4 Qb7 23. Na5 Qb6 24. Nd4 Nfd7 25. Nc4 Bxc4 26. Bxc4 e5 27. Nf5 Bf8 28. Bg3 g6 29. Nh4 Nf6 30. Bxe5 Nfe4 31. Qd5 Qb7 32. Nxg6 Qxd5 33. Bxd5 Bg7 34. Ne7+ 1-0

[Event "*** Titled Tuesday Blitz"]
[Site "Chess.com"]
[Date "2021.02.16"]
[Round "11"]
[White "j2806"]
[Black "LuisFSiles"]
[Result "0-1"]
[WhiteElo "2118"]
[BlackElo "2291"]
[TimeControl "180+1"]
[EndTime "12:08:50 PST"]
[Termination "LuisFSiles won by resignation"]

1. e4 c5 2. Nf3 d6 3. d4 cxd4 4. Nxd4 Nf6 5. Nc3 g6 6. Be3 Bg7 7. f3 O-O 8. Bc4 Nc6 9. Qd2 Bd7 10. O-O-O Qa5 11. Bb3 Rfc8 12. Kb1 Ne5 13. g4 Nc4 14. Bxc4 Rxc4 15. h4 Rac8 16. h5 Rxc3 17. bxc3 Bxg4 18. fxg4 Nxe4 19. Qd3 Nxc3+ 20. Kc1 Nxa2+ 21. Kb1 Nc3+ 22. Kc1 Na2+ 23. Kb1 Rc3 24. Qd2 Qb4+ 25. Ka1 Qa3 26. Kb1 Nb4 27. Qf2 Qa2+ 28. Kc1 Bxd4 29. Rxd4 Rxc2+ 0-1

[Event "*** Titled Tuesday Blitz"]
[Site "Chess.com"]
[Date "2021.02.16"]
[Round "11"]
[White "MIJuanReyesRosa"]
[Black "Cptn2"]
[Result "1/2-1/2"]
[WhiteElo "2113"]
[BlackElo "2305"]
[TimeControl "180+1"]
[EndTime "12:08:51 PST"]
[Termination "Game drawn by repetition"]

1. d4 Nf6 2. Nf3 e6 3. c4 b6 4. a3 Bb7 5. Nc3 Be7 6. d5 O-O 7. e4 exd5 8. exd5 Re8 9. Be2 d6 10. O-O Nbd7 11. Bf4 a5 12. h3 Nc5 13. Qc2 a4 14.
Rfe1 Bf8 15. Nd4 Nfe4 16. Nxe4 Rxe4 17. Be3 Re8 18. Nb5 g6 19. Bd4 Bg7 20. Bxg7 Kxg7 21.
Qc3+ Kg8 22. Bg4 Rxe1+ 23. Rxe1 f5 24. Bd1 Qd7 25. Bc2 Ba6 26. Qf6 Bxb5 27. Re7 Qxe7 28. Qxe7 Bd7 29. g4 fxg4 30. hxg4 Re8 31. Qf6 Rf8 32.
Qg5 Kg7 33. f4 Kh8 34. f5 gxf5 35. Qe7 Rg8 36. Qf6+ Rg7 37. Qf8+ Rg8 38. Qf6+ Rg7 39. Qf8+ Rg8 40. Qf6+ 1/2-1/2

[Event "*** Titled Tuesday Blitz"]
[Site "Chess.com"]
[Date "2021.02.16"]
[Round "11"]
[White "nrvisakh"]
[Black "Kretov_Evgenij"]
[Result "1-0"]
[WhiteElo "2785"]
[BlackElo "2619"]
[TimeControl "180+1"]
[EndTime "12:08:52 PST"]
[Termination "nrvisakh won by resignation"]

1. e4 c5 2. Nf3 Nc6 3. d4 cxd4 4. Nxd4 g6 5. c4 Nf6 6. Nc3 d6 7. Be2 Nxd4 8. Qxd4 Bg7 9. O-O O-O 10. Qd3 Be6 11. Rb1 Nd7 12. b3 Nc5 13. Qc2 Bxc3 14. Qxc3 Nxe4 15.
Qd4 Nf6 16. Bf3 Qb6 17. Qh4 d5 18. cxd5 Bxd5 19. Bxd5 Nxd5 20. Bb2 Nf6 21. Rbe1 Rfe8 22. Re3 h5 23. Rfe1 Ng4 24. Re4 f5 25. Re6 Qb4 26. h3 Qd2 27. hxg4 Qxb2 28. Rxg6+ Kf7 29. Qxh5 Rg8 30. Rf6+ Kxf6 31. Qxf5+ Kg7 32. Rxe7+ 1-0

[Event "*** Titled Tuesday Blitz"]
[Site "Chess.com"]
[Date "2021.02.16"]
[Round "11"]
[White "Artem_Sadovsky"]
[Black "AttractiveMustard"]
[Result "1-0"]
[WhiteElo "2558"]
[BlackElo "2378"]
[TimeControl "180+1"]
[EndTime "12:08:54 PST"]
[Termination "Artem_Sadovsky won on time"]

1. h4 e5 2. h5 d5 3. d3 h6 4. Nf3 Nc6 5. e3 Nf6 6. Be2 Bg4 7. Nfd2 Qd7 8. Bxg4 Nxg4 9. Nf1 O-O-O 10. Nc3 f5 11.
Bd2 d4 12. Ne2 Bc5 13. a3 dxe3 14. Nxe3 Nxf2 15. Kxf2 f4 16. Rh3 fxe3+ 17. Bxe3 Qf5+ 18. Rf3 Bxe3+ 19. Kxe3 Qxh5 20. Ng3 Qg4 21. Kf2 Nd4 22. Rf7 Qe6 23. Qh5 Rhf8 24. Rxf8 Rxf8+ 25. Kg1 Nxc2 26. Rc1 Qb6+ 27. Kh2 Qxb2 28. Qg4+ Kb8 29. Qxg7 Rc8 30. Rf1 Ne3 31. Rg1 Qd4 32. Ne4 a5 33. Rb1 Nd5 34. Nd6 Qh4+ 35. Kg1 Qd4+ 36. Kh2 Qh4+ 37. Kg1 Qd4+ 38.
Kf1 Ne3+ 39. Ke2 Qxd6 40. Kxe3 Qd4+ 41. Ke2 Rd8 42. Qg6 Qf4 43. Qa6 1-0

[Event "*** Titled Tuesday Blitz"]
[Site "Chess.com"]
[Date "2021.02.16"]
[Round "11"]
[White "KonstantinB_1983"]
[Black "kekic76"]
[Result "1-0"]
[WhiteElo "2543"]
[BlackElo "2410"]
[TimeControl "180+1"]
[EndTime "12:08:58 PST"]
[Termination "KonstantinB_1983 won on time"]

1. d4 d6 2. e4 e5 3. Nf3 Nc6 4. Bb5 exd4 5. Nxd4 Bd7 6. Bc4 Nf6 7. Nc3 Be7 8. O-O O-O 9. h3 Nxd4 10. Qxd4 Bc6 11.
Re1 Nd7 12. Be3 Bf6 13. Qd2 Re8 14. f3 a6 15. Rab1 b5 16. Bf1 Ne5 17. b3 Qb8 18.
Nd5 Bxd5 19. Qxd5 Qc8 20. c4 bxc4 21. bxc4 Rb8 22. c5 dxc5 23. Qxc5 Qe6 24. Qc2 a5 25. f4 Nd7 26. e5 Be7 27. Bc4 Qg6 28. Bd3 Qh5 29. Qxc7 Rxb1 30. Rxb1 Bf8 31. Qxd7 1-0

[Event "*** Titled Tuesday Blitz"]
[Site "Chess.com"]
[Date "2021.02.16"]
[Round "11"]
[White "remi04"]
[Black "GLeruste"]
[Result "0-1"]
[WhiteElo "2584"]
[BlackElo "2473"]
[TimeControl "180+1"]
[EndTime "12:08:59 PST"]
[Termination "GLeruste won by resignation"]

1. e4 e5 2. Nf3 Nf6 3. Nc3 Nc6 4. d4 Bb4 5. Nxe5 O-O 6. Nxc6 dxc6 7. e5 Ne4 8. Qd3 Bf5 9. Qe3 c5 10. d5 Qxd5 11.
f3 Nxc3 12. bxc3 Ba5 13. Bd2 Rfe8 14. f4 Bxc2 15. Kf2 Rad8 16. Be1 c4 17. Kg3 Re6 18. h4 Bb6 19. Qc1 Rg6+ 20. Kh2 Bd3 21. Qd2 Be3 22. Qxe3 Bxf1 0-1

[Event "*** Titled Tuesday Blitz"]
[Site "Chess.com"]
[Date "2021.02.16"]
[Round "11"]
[White "ehrenfeld"]
[Black "Loy_Konstantin"]
[Result "1-0"]
[WhiteElo "2485"]
[BlackElo "2380"]
[TimeControl "180+1"]
[EndTime "12:09:01 PST"]
[Termination "ehrenfeld won by resignation"]

1. e4 c5 2. Nf3 d6 3. Bc4 Nf6 4.
d3 g6 5. h3 Bg7 6. Nc3 O-O 7.
O-O Nc6 8. a3 a6 9. Be3 e6 10.
Ba2 b5 11. Qd2 Bb7 12. Bh6 Bxh6 13. Qxh6 Nd4 14. Nxd4 cxd4 15. Ne2 Rc8 16. Nxd4 e5 17. Nf3 Rxc2 18. Ng5 Qb6 19. h4 Rxb2 20. h5 Rxf2 21. hxg6 Rxf1+ 22. Kxf1 Qf2+ 23. Kxf2 Ng4+ 24. Ke2 Nxh6 25.
gxf7+ Kh8 26. Rh1 1-0

[Event "*** Titled Tuesday Blitz"]
[Site "Chess.com"]
[Date "2021.02.16"]
[Round "11"]
[White "VladimirBugayev"]
[Black "Fiona"]
[Result "1-0"]
[WhiteElo "2294"]
[BlackElo "2131"]
[TimeControl "180+1"]
[EndTime "12:09:01 PST"]
[Termination "VladimirBugayev won by resignation"]

1. e4 e5 2. Nf3 Nc6 3. d4 exd4 4.
Nxd4 Bc5 5. Nb3 Bb6 6. Nc3 a5 7.
a4 Nge7 8. Qe2 d6 9. Be3 Bxe3 10. Qxe3 Be6 11. O-O-O O-O 12. f4 Bxb3 13. cxb3 Nb4 14. Bc4 c6 15. Kb1 Qc7 16. f5 Rad8 17. f6 gxf6 18.
Qg3+ Kh8 19. Rhf1 Ng6 20. Rxf6 Ne5 21. Rfxd6 Rxd6 22. Qxe5+ f6 23. Qxd6 Qg7 24. g3 Re8 25.
Qd7 Qe7 26. Qxe7 Rxe7 27. Rd8+ Kg7 28. Kc1 1-0

[Event "*** Titled Tuesday Blitz"]
[Site "Chess.com"]
[Date "2021.02.16"]
[Round "11"]
[White "dosto07"]
[Black "ObligatePawnivore"]
[Result "1-0"]
[WhiteElo "2405"]
[BlackElo "1835"]
[TimeControl "180+1"]
[EndTime "12:09:03 PST"]
[Termination "dosto07 won by checkmate"]

1. d4 e6 2. Nf3 d5 3. g3 b5 4. Bg2 Nf6 5. O-O Bb7 6. Ne5 Nbd7 7. Bg5 Nxe5 8. dxe5 h6 9. Bxf6 gxf6 10. exf6 Qxf6 11. Nc3 a6 12. e4 c6 13. exd5 cxd5 14. a4 b4 15. Ne2 Bg7 16. c3 bxc3 17. bxc3 Rc8 18. Rb1 Ba8 19. Rb6 O-O 20. Rxa6 Qd8 21. Qd2 Bb7 22. Ra7 Qb6 23. Rxb7 Qxb7 24. Nf4 Rc7 25. Nh5 Qb3 26. Nxg7 Kxg7 27. Qd4+ f6 28. Qg4+ Kh7 29. Qxe6 Rxc3 30. Bxd5 Qb8 31. Qe7+ Kh8 32.
Be4 Qc7 33. Qxf8# 1-0

[Event "*** Titled Tuesday Blitz"]
[Site "Chess.com"]
[Date "2021.02.16"]
[Round "11"]
[White "ZiggyStardust64"]
[Black "igorcadilhac"]
[Result "1-0"]
[WhiteElo "2581"]
[BlackElo "2375"]
[TimeControl "180+1"]
[EndTime "12:09:04 PST"]
[Termination "ZiggyStardust64 won by resignation"]

1. c4 Nf6 2. Nc3 e6 3. e4 e5 4. Nf3 Nc6 5. a3 a5 6. Be2 Bc5 7. Nxe5 Nxe5 8. d4 Bd6 9. c5 Bxc5 10. dxe5 Ng8 11. O-O d6 12. exd6 Bxd6 13. Nb5 Ra6 14. Qa4 Bd7 15. Nxd6+ Rxd6 16. Qxa5 b6 17. Qc3 f6 18. Bf4 Rc6 19. Qg3 Kf8 20. Rfd1 Ne7 21. Bb5 Qc8 22. Bxc6 Bxc6 23. Bxc7 Bxe4 24. Rac1 Kf7 25.
Bd6 Qe6 26. Bxe7 Qxe7 27. Rc7 1-0

[Event "*** Titled Tuesday Blitz"]
[Site "Chess.com"]
[Date "2021.02.16"]
[Round "11"]
[White "Neftegor"]
[Black "Tashik"]
[Result "0-1"]
[WhiteElo "2560"]
[BlackElo "2462"]
[TimeControl "180+1"]
[EndTime "12:09:07 PST"]
[Termination "Tashik won by resignation"]

1. d4 Nf6 2. c4 e6 3. Nc3 d5 4. Nf3 c5 5. cxd5 Nxd5 6. e3 Nc6 7. Bc4 cxd4 8. exd4 Be7 9. O-O O-O 10. Re1 Nf6 11. a3 a6 12. Bg5 b5 13. Ba2 Bb7 14. Qd3 h6 15. Bh4 Nh5 16. Bb1 g6 17. Rxe6 Nf4 18. Rxe7 Nxd3 19. Rxb7 g5 20. Bxd3 gxh4 21. Be4 Nxd4 22.
Nd5 Re8 23. Rd7 Qxd7 24. Nf6+ Kg7 25. Nxd7 Rxe4 26. Nc5 Nxf3+ 27. gxf3 Re2 28. b4 h3 29. Kf1 Rc2 30. Rd1 a5 0-1

[Event "*** Titled Tuesday Blitz"]
[Site "Chess.com"]
[Date "2021.02.16"]
[Round "11"]
[White "KubaGepard"]
[Black "OriTaichman"]
[Result "1-0"]
[WhiteElo "2428"]
[BlackElo "2529"]
[TimeControl "180+1"]
[EndTime "12:09:08 PST"]
[Termination "KubaGepard won by checkmate"]

1. d4 Nf6 2. Nf3 g6 3. g3 Bg7 4. Bg2 O-O 5. O-O d6 6. b3 e5 7.
dxe5 Nfd7 8. Bb2 Nxe5 9. Nxe5 dxe5 10. c4 Nc6 11. Nc3 f5 12. Bd5+ Kh8 13. e4 Nd4 14. exf5 gxf5 15. Ne2 c6 16. Bg2 c5 17. Nc3 f4 18.
Be4 f3 19. Nd5 Bh3 20. Re1 Qg5 21. Bxd4 cxd4 22. Bxf3 Qf5 23. Be4 Qxf2+ 24. Kh1 Rad8 25. Qh5 Bf5 26. Bg2 d3 27. Rf1 Bg6 28. Qh4 Qe2 29. Ne7 Rxf1+ 30. Rxf1 Be4 31. Ng6+ Bxg6 32. Qxd8+ Bf8 33.
Qxf8# 1-0

[Event "*** Titled Tuesday Blitz"]
[Site "Chess.com"]
[Date "2021.02.16"]
[Round "11"]
[White "Pogosian_Manvel"]
[Black "vladimirdamjanovic"]
[Result "1-0"]
[WhiteElo "2430"]
[BlackElo "2530"]
[TimeControl "180+1"]
[EndTime "12:09:11 PST"]
[Termination "Pogosian_Manvel won on time"]

1. d4 Nc6 2. Nf3 Nf6 3. c4 g6 4. Nc3 Bg7 5. d5 Nb8 6. e4 d6 7. Be2 O-O 8. O-O a5 9. Ne1 Na6 10. Nd3 Nd7 11. Be3 Ndc5 12. f4 Nxd3 13. Bxd3 Nc5 14.
Bxc5 dxc5 15. e5 c6 16. Qe2 Qc7 17. Rad1 Rd8 18. Rfe1 f6 19. e6 f5 20. Rf1 Bd4+ 21.
Kh1 a4 22. g4 cxd5 23. Nxd5 Qc6 24. gxf5 gxf5 25. Bxf5 Rxd5 26. Qg2+ Kh8 27. cxd5 Qe8 28. Qh3 h5 29. Rg1 b6 30. Rg6 1-0

[Event "*** Titled Tuesday Blitz"]
[Site "Chess.com"]
[Date "2021.02.16"]
[Round "11"]
[White "Vanina1989"]
[Black "AryanTari"]
[Result "1-0"]
[WhiteElo "2750"]
[BlackElo "2884"]
[TimeControl "180+1"]
[EndTime "12:09:16 PST"]
[Termination "Vanina1989 won on time"]

1. d4 Nf6 2. c4 b6 3. Nf3 Bb7 4.
Bf4 e6 5. e3 Bb4+ 6. Nfd2 O-O 7. a3 Be7 8. Bd3 d6 9. Nc3 e5 10. Bg3 exd4 11. exd4 Bxg2 12. Rg1 Bb7 13. Qc2 Nc6 14. Ne2 d5 15. O-O-O Na5 16. cxd5 Qxd5 17. Be5 Kh8 18. Nc3 Qd7 19. Bxh7 Nc6 20. Bf5 Nxd4 21.
Bxd7 Nxc2 22. Bxf6 Bxf6 23. Kxc2 g6 24. Nde4 Be5 25.
h4 Rad8 26. h5 Kg7 27. Bf5 Rxd1 28. Nxd1 Rh8 29. hxg6 f6 30. Ndc3 Rh5 31. Be6 Rh4 32. f3 Rh2+ 33. Kb3 c5 34. Bf7 f5 35. Ng5 Bxf3 36.
Nxf3 1-0

[Event "*** Titled Tuesday Blitz"]
[Site "Chess.com"]
[Date "2021.02.16"]
[Round "11"]
[White "politeplayer"]
[Black "lagedema"]
[Result "0-1"]
[WhiteElo "2265"]
[BlackElo "2569"]
[TimeControl "180+1"]
[EndTime "12:09:16 PST"]
[Termination "lagedema won by resignation"]

1. e4 c6 2. d4 d5 3. exd5 cxd5 4. c4 Nf6 5. Nc3 Nc6 6. Nf3 Bg4 7. cxd5 Nxd5 8. Qb3 Bxf3 9. gxf3 Nb6 10. d5 Nd4 11. Bb5+ Nd7 12. Qa4 Nxb5 13. Qxb5 g6 14. O-O Bg7 15.
Bg5 f6 16. Be3 O-O 17. d6 Ne5 18. f4 Nf3+ 19. Kh1 Qxd6 20. Rad1 Qe6 21. Qd5 Qxd5 22.
Nxd5 Kf7 23. Bc5 Rfd8 24. Bxe7 Rxd5 25. Rxd5 Kxe7 26. Rd3 Nh4 27. Re1+ Kf8 28. Rd7 Nf5 29. Rxb7 h5 30. Rc1 a5 31. Rcc7 Re8 32. Rc1 Bh6 33. Rb5 Bxf4 34. Rg1 Kf7 35. Rb7+ Re7 36. Rxe7+ Nxe7 37. Rd1 Be5 38. Rd5 Nxd5 0-1